 Dungeon Crawl Stone Soup version 0.31-a0-151-ge443d1f16c (webtiles) character file.

Game seed: 9417116633135881599

9933 qw the Skirmisher (level 11, -2/97 HPs)
             Began as a Minotaur Hunter on June 8, 2023.
             Was an Elder of Okawaru.
             Slain by a skyshark (6 damage)
             ... on level 2 of the Lair of Beasts.
             The game lasted 00:04:11 (9747 turns).

qw the Skirmisher (Minotaur Hunter)                 Turns: 9747, Time: 00:04:11

Health: -2/97      AC: 14    Str: 15    XL:     11   Next: 29%
Magic:  11/13      EV: 25    Int:  9    God:    Okawaru [****..]
Gold:   404        SH:  0    Dex: 25    Spells: 10/10 levels left

rFire   . . .        Y - +2 orcbow
rCold   . . .        (shield currently unavailable)
rNeg    . . .        l - +0 steam dragon scales
rPois   +            o - +2 hat {Int+3}
rElec   .            e - +0 cloak
rCorr   .            q - +0 pair of gloves
SInv    .            i - +1 pair of boots {Stlth+}
Will    .....        m - amulet of faith
Stlth   +++++        d - ring of poison resistance
HPRegen 0.36/turn    n - +6 ring of dexterity
MPRegen 0.13/turn

%: faith
@: about to teleport, heroic
A: horns 2, retaliatory headbutt
a: Renounce Religion, Heroism, Finesse


You were on level 2 of the Lair of Beasts.
You worshipped Okawaru.
Okawaru was greatly pleased with you.
You visited 3 branches of the dungeon, and saw 11 of its levels.
You also visited: Sewer and Ossuary.

You collected 519 gold pieces.
You spent 115 gold pieces at shops.


Innate Abilities, Weirdness & Mutations

You have a pair of horns on your head.
You reflexively headbutt those who attack you in melee.


   Skills:
 - Level 9.3(14.3) Fighting
 - Level 14.0(19.0) Ranged Weapons
 + Level 4.9(9.9) Armour
 - Level 9.5(14.5) Dodging
 - Level 0.7(5.7) Stealth
 + Level 4.5 Invocations


You had 10 spell levels left.
You didn't know any spells.
Your spell library was empty.

Inventory:

Hand Weapons
 Y - a +2 orcbow (weapon)
Armour
 e - a +0 cloak (worn)
 i - a +1 pair of boots of stealth (worn)
 l - +0 steam dragon scales (worn)
 o - a +2 hat of intelligence (worn)
 q - a +0 pair of gloves (worn)
Jewellery
 d - a ring of poison resistance (left hand)
 m - an amulet of faith (around neck)
 n - a +6 ring of dexterity (right hand)
Scrolls
 a - 4 scrolls of identify
Potions
 b - a potion of mutation
 f - a potion of haste
 g - a potion of might
 h - 2 potions of heal wounds
 j - 2 potions of cancellation
 k - 6 potions of curing

Dungeon Overview and Level Annotations

Branches:
Dungeon (8/15)             Temple (1/1) D:6            Lair (2/5) D:8
  Sewer (visited)         Ossuary (visited)
  Swamp: Lair:2-3    Shoals: Lair:2-3     Snake: Lair:2-3    Spider: Lair:2-3

Altars:
Ashenzari
Cheibriados
Dithmenos
Fedhas
Gozag
Hepliaklqana
Kikubaaqudgha
Makhleb
Nemelex Xobeh
Okawaru
Qazlal
Sif Muna
Trog
Vehumet
Wu Jian
Xom
Yredelemnul
Zin
The Shining One

Shops:
D:3 *!(((   D:4 (


Message History

The skyshark closely misses you. You furiously retaliate!
You headbutt the skyshark. The skyshark tail-slaps you. x2
You shoot an arrow. The arrow hits the skyshark!
The skyshark is moderately wounded.
The skyshark closely misses you. The skyshark completely misses you.
The skyshark tail-slaps you but does no damage.
You shoot an arrow.
The arrow hits the skyshark but does no damage.
The skyshark is moderately wounded.
You shoot an arrow. The arrow hits the skyshark.
The skyshark is moderately wounded.
The skyshark bites you!
The skyshark enters a blood-rage!
The skyshark tail-slaps you. The skyshark barely misses you.
9742 ||| INVOKING Heroism.
You gain the combat prowess of a mighty hero.
The skyshark bites you! The skyshark tail-slaps you.
The skyshark closely misses you. The skyshark misses you.
The skyshark closely misses you. The skyshark tail-slaps you.
You shoot an arrow. The arrow hits the skyshark.
The skyshark is heavily wounded.
The skyshark bites you! The skyshark completely misses you.
The skyshark tail-slaps you.
You shoot an arrow. The arrow barely misses the skyshark.
The skyshark bites you but does no damage.
The skyshark closely misses you. x2
You shoot an arrow. The arrow hits the skyshark.
The skyshark is heavily wounded.
The skyshark completely misses you.
The skyshark tail-slaps you but does no damage.
The skyshark barely misses you.
You shoot an arrow. The arrow hits the skyshark!!
The skyshark is severely wounded.
The skyshark bites you!! The skyshark misses you.
The skyshark tail-slaps you but does no damage.
9747 ||| READING scroll of teleportation.
As you read the scroll of teleportation, it crumbles to dust.
You feel strangely unstable.
The skyshark misses you. x2; The skyshark completely misses you.
The skyshark bites you.
You die...

# #### ######### #
..#...###.#.#P#.##.#
..............<......
....#.#...P.....#...
#.....##..%.....P
#..<..##.@l......
+......##..%..##..
#......P#...%.#
##.....##..[..#
#.....##.......
.......+......#.
##.....##.....## .
.#..####.....#


You could see a skyshark (berserk).

Vanquished Creatures
  Gastronok (Lair:1)
  Pikel (D:5)
  Maurice (D:8)
  A black mamba (Lair:1)
  2 cane toads (Lair:1)
  4 komodo dragons (Lair:1)
  A hornet (Lair:1)
  10 yaks
  A wyvern (Lair:1)
  2 steam dragons
  Edmund (D:6)
  Menkaure (D:6)
  5 water moccasins
  2 ice beasts
  An orc warrior (D:7)
  A sky beast (D:7)
  Pargi (Sewer)
  2 black bears (D:4)
  6 wolves (Lair:2)
  A centaur (D:7)
  3 lemures (D:5)
  2 phantoms (D:5)
  A kobold brigand (D:7)
  2 elf zombies (Ossuary)
  A gnoll sergeant (D:7)
  Blork the orc (D:6)
  A bullfrog (D:6)
  2 scorpions
  3 wights (D:8)
  3 killer bees (D:8)
  4 howler monkeys
  4 centaur zombies (Ossuary)
  6 hounds
  4 jellies
  2 orc priests
  2 sleepcaps
  2 human zombies (Ossuary)
  4 iguanas
  6 orc wizards
  2 mummies (Ossuary)
  8 gnolls
  6 adders
  2 white imps
  An ufetubus (D:4)
  3 worms
  2 dart slugs
  19 orcs
  4 endoplasms
  A giant cockroach (D:2)
  14 goblins
  24 hobgoblins
  3 jackals (D:1)
  13 kobolds
  2 quokkas
  9 ball pythons
  4 bats
  6 frilled lizards
  8 hobgoblin zombies (Ossuary)
  A jackal zombie (Ossuary)
  12 kobold zombies (Ossuary)
  8 orc zombies (Ossuary)
  7 rats
257 creatures vanquished.

Notes
Turn   | Place    | Note
-------+----------+-------------------------------------------
     0 | D:1      | qw the Minotaur Hunter began the quest for the Orb.
     0 | D:1      | Reached XP level 1. HP: 18/18 MP: 0/0
     0 | D:1      | 0 ||| qw: Version: 0.2-a-120-gdf1a93b
     0 | D:1      | 0 ||| qw: Game counter: 3077
     0 | D:1      | 0 ||| qw: Always use a shield: true
     0 | D:1      | 0 ||| qw: God list: Okawaru
     0 | D:1      | 0 ||| qw: Allow faded altars: false
     0 | D:1      | 0 ||| qw: Do Orc after D:15 true
     0 | D:1      | 0 ||| qw: Do second Lair branch before Depths: true
     0 | D:1      | 0 ||| qw: Lair rune preference: random
     0 | D:1      | 0 ||| qw: Plans: Normal
     0 | D:1      | 0 ||| PLANNING D:1-11
   185 | D:1      | Reached XP level 2. HP: 25/25 MP: 1/1
   263 | D:1      | Reached skill level 5 in Ranged Weapons
   514 | D:1      | Reached skill level 3 in Fighting
   670 | D:1      | 670 ||| UPGRADING to ring of poison resistance.
   671 | D:1      | 671 ||| READING 2 scrolls labelled XUNLIOLUHA.
   672 | D:1      | 672 ||| READING scroll labelled AXONAQ HI JIM.
   673 | D:1      | 673 ||| READING scroll labelled VIEZENTIAMU.
   674 | D:1      | 674 ||| READING scroll labelled ROSOJO VUOSINT.
   675 | D:1      | 675 ||| READING scroll labelled RURELI VA BEO.
   676 | D:1      | 676 ||| DROPPING scroll of butterflies.
   685 | D:2      | Reached XP level 3. HP: 31/31 MP: 2/2
  1153 | D:2      | Reached skill level 6 in Ranged Weapons
  1153 | D:2      | Reached XP level 4. HP: 27/38 MP: 3/3
  1154 | D:2      | 1154 ||| FLEEEEING.
  1155 | D:2      | 1155 ||| FLEEEEING.
  1156 | D:2      | 1156 ||| FLEEEEING.
  1170 | D:2      | 1170 ||| FLEEEEING.
  1171 | D:2      | 1171 ||| FLEEEEING.
  1172 | D:2      | 1172 ||| FLEEEEING.
  1173 | D:2      | 1173 ||| FLEEEEING.
  1174 | D:2      | 1174 ||| FLEEEEING.
  1175 | D:2      | 1175 ||| FLEEEEING.
  1176 | D:2      | 1176 ||| FLEEEEING.
  1177 | D:2      | 1177 ||| FLEEEEING.
  1178 | D:2      | 1178 ||| FLEEEEING.
  1179 | D:2      | 1179 ||| FLEEEEING.
  1180 | D:2      | 1180 ||| FLEEEEING.
  1181 | D:2      | 1181 ||| FLEEEEING.
  1182 | D:2      | 1182 ||| FLEEEEING.
  1183 | D:2      | 1183 ||| FLEEEEING.
  1184 | D:2      | 1184 ||| FLEEEEING.
  1185 | D:2      | 1185 ||| FLEEEEING.
  1186 | D:2      | 1186 ||| FLEEEEING.
  1187 | D:2      | 1187 ||| FLEEEEING.
  1188 | D:2      | 1188 ||| FLEEEEING.
  1189 | D:2      | 1189 ||| FLEEEEING.
  1190 | D:2      | 1190 ||| FLEEEEING.
  1191 | D:2      | 1191 ||| FLEEEEING.
  1192 | D:2      | 1192 ||| FLEEEEING.
  1193 | D:2      | 1193 ||| FLEEEEING.
  1195 | D:2      | 1195 ||| FLEEEEING.
  1196 | D:2      | 1196 ||| FLEEEEING.
  1197 | D:2      | 1197 ||| FLEEEEING.
  1198 | D:2      | 1198 ||| FLEEEEING.
  1199 | D:2      | 1199 ||| FLEEEEING.
  1200 | D:2      | 1200 ||| FLEEEEING.
  1201 | D:2      | 1201 ||| FLEEEEING.
  1202 | D:2      | 1202 ||| FLEEEEING.
  1203 | D:2      | 1203 ||| FLEEEEING.
  1204 | D:2      | 1204 ||| FLEEEEING.
  1205 | D:2      | 1205 ||| FLEEEEING.
  1206 | D:2      | 1206 ||| FLEEEEING.
  1207 | D:2      | 1207 ||| FLEEEEING.
  1208 | D:2      | 1208 ||| FLEEEEING.
  1209 | D:2      | 1209 ||| FLEEEEING.
  1210 | D:2      | 1210 ||| FLEEEEING.
  1211 | D:2      | 1211 ||| FLEEEEING.
  1212 | D:2      | 1212 ||| FLEEEEING.
  1213 | D:2      | 1213 ||| FLEEEEING.
  1214 | D:2      | 1214 ||| FLEEEEING.
  1215 | D:2      | 1215 ||| FLEEEEING.
  1216 | D:2      | 1216 ||| FLEEEEING.
  1217 | D:2      | 1217 ||| FLEEEEING.
  1218 | D:2      | 1218 ||| FLEEEEING.
  1219 | D:2      | 1219 ||| FLEEEEING.
  1220 | D:2      | 1220 ||| FLEEEEING.
  1221 | D:2      | 1221 ||| FLEEEEING.
  1222 | D:2      | 1222 ||| FLEEEEING.
  1223 | D:2      | 1223 ||| FLEEEEING.
  1224 | D:2      | 1224 ||| FLEEEEING.
  1225 | D:2      | 1225 ||| FLEEEEING.
  1226 | D:2      | 1226 ||| FLEEEEING.
  1227 | D:2      | 1227 ||| FLEEEEING.
  1228 | D:2      | 1228 ||| FLEEEEING.
  1229 | D:2      | 1229 ||| FLEEEEING.
  1230 | D:2      | 1230 ||| FLEEEEING.
  1231 | D:2      | 1231 ||| FLEEEEING.
  1232 | D:2      | 1232 ||| FLEEEEING.
  1233 | D:2      | 1233 ||| FLEEEEING.
  1234 | D:2      | 1234 ||| FLEEEEING.
  1235 | D:2      | 1235 ||| FLEEEEING.
  1236 | D:2      | 1236 ||| FLEEEEING.
  1237 | D:2      | 1237 ||| FLEEEEING.
  1238 | D:2      | 1238 ||| STAIRDANCE
  1252 | D:1      | 1252 ||| READING 2 scrolls of identify.
  1252 | D:1      | 1252 ||| IDENTIFYING orange potion
  1255 | D:2      | 1255 ||| STAIRDANCE
  1529 | D:3      | Found a faded altar of an unknown god.
  1563 | D:3      | Reached XP level 5. HP: 46/46 MP: 4/4
  1648 | D:3      | Found a stormy altar of Qazlal.
  1663 | D:3      | Found Teipegimm's Antique Weapon Shoppe.
  1673 | D:3      | 1673 ||| BUYING orcbow (87 gold).
  1673 | D:3      | Bought an orcbow for 87 gold pieces
  1673 | D:3      | 1673 ||| SWAPPING to +0 orcbow.
  1674 | D:3      | 1674 ||| DROPPING +1 shortbow.
  1856 | D:3      | Found Rus Vunaja's Assorted Antiques.
  1871 | D:3      | 1871 ||| BUYING black potion (28 gold).
  1871 | D:3      | Bought a black potion for 28 gold pieces
  1871 | D:3      | 1871 ||| SHOPLISTING blackened brass ring (160 gold, have
                  | 23).
  1871 | D:3      | 1871 ||| SHOPLISTING ring mail (128 gold, have 23).
  1871 | D:3      | 1871 ||| SHOPLISTING scroll labelled SALICZAQEO (32 gold,
                  | have 23).
  1871 | D:3      | 1871 ||| SHOPLISTING scroll of identify (64 gold, have 23).
  1871 | D:3      | 1871 ||| SHOPLISTING viscous clear potion (28 gold, have
                  | 23).
  1918 | D:3      | Found Mito's Distillery.
  1926 | D:3      | 1926 ||| SHOPLISTING potion of curing (30 gold, have 23).
  1926 | D:3      | 1926 ||| SHOPLISTING potion of haste (100 gold, have 23).
  1926 | D:3      | 1926 ||| SHOPLISTING potion of heal wounds (50 gold, have
                  | 23).
  2349 | D:3      | Found Logi's Weapon Shoppe.
  2372 | D:3      | Found Qutirra's Antique Weapon Shoppe.
  2449 | D:3      | 2449 ||| READING 2 scrolls of identify.
  2449 | D:3      | 2449 ||| IDENTIFYING black potion
  2450 | D:3      | 2450 ||| DROPPING potion of attraction.
  2498 | D:4      | 2498 ||| PLANNING SEWER
  2653 | D:4      | 2653 ||| DRINKING potion of curing.
  2653 | D:4      | 2653 ||| (to cure confusion)
  2656 | D:4      | Reached skill level 7 in Ranged Weapons
  2752 | D:4      | Noticed a black bear
  2758 | D:4      | Killed a black bear
  2759 | D:4      | Reached XP level 6. HP: 52/52 MP: 5/5
  2842 | D:4      | Found a shimmering blue altar of Sif Muna.
  3015 | D:4      | Found a glowing drain.
  3016 | D:4      | 3016 ||| READING scroll labelled GUMYNT SONO.
  3017 | D:4      | 3017 ||| READING scroll labelled SALICZAQEO.
  3020 | D:4      | 3020 ||| READING scroll labelled REUNEA INOUWN.
  3021 | D:4      | 3021 ||| READING 5 scrolls of identify.
  3021 | D:4      | 3021 ||| IDENTIFYING bubbling golden potion
  3022 | D:4      | 3022 ||| READING 4 scrolls of identify.
  3022 | D:4      | 3022 ||| IDENTIFYING white potion
  3023 | D:4      | 3023 ||| DROPPING potion of invisibility.
  3036 | D:4      | 3036 ||| Stepping ~*~*~tactically~*~*~ (water).
  3052 | Sewer    | Entered a sewer
  3057 | Sewer    | 3057 ||| Stepping ~*~*~tactically~*~*~ (water).
  3059 | Sewer    | 3059 ||| Stepping ~*~*~tactically~*~*~ (water).
  3061 | Sewer    | 3061 ||| Stepping ~*~*~tactically~*~*~ (water).
  3074 | Sewer    | Noticed Pargi
  3078 | Sewer    | Killed Pargi
  3079 | Sewer    | Reached skill level 8 in Ranged Weapons
  3128 | Sewer    | 3128 ||| Stepping ~*~*~tactically~*~*~ (water).
  3146 | Sewer    | 3146 ||| READING scroll of enchant weapon.
  3146 | Sewer    | 3146 ||| ENCHANTING +0 orcbow.
  3164 | Sewer    | 3164 ||| Stepping ~*~*~tactically~*~*~ (water).
  3191 | Sewer    | 3191 ||| Stepping ~*~*~tactically~*~*~ (water).
  3228 | Sewer    | 3228 ||| READING 3 scrolls of identify.
  3228 | Sewer    | 3228 ||| IDENTIFYING smoky red potion
  3242 | D:4      | 3242 ||| PLANNING D:1-11
  3268 | D:4      | 3268 ||| READING scroll of enchant weapon.
  3268 | D:4      | 3268 ||| ENCHANTING +1 orcbow.
  3320 | D:4      | Found Mitakh's Weapon Boutique.
  3437 | D:4      | Reached skill level 3 in Dodging
  3437 | D:4      | Reached XP level 7. HP: 59/59 MP: 6/6
  3566 | D:4      | 3566 ||| READING 2 scrolls of identify.
  3566 | D:4      | 3566 ||| IDENTIFYING yellow potion
  3608 | D:5      | Entered Level 5 of the Dungeon
  3838 | D:5      | 3838 ||| Stepping ~*~*~tactically~*~*~ (outnumbered).
  3840 | D:5      | 3840 ||| Stepping ~*~*~tactically~*~*~ (outnumbered).
  3841 | D:5      | 3841 ||| Stepping ~*~*~tactically~*~*~ (outnumbered).
  3846 | D:5      | Reached skill level 1 in Armour
  4072 | D:5      | Found a basalt altar of Yredelemnul.
  4145 | D:5      | Found an ornate altar of the Wu Jian Council.
  4212 | D:5      | Reached skill level 9 in Ranged Weapons
  4246 | D:5      | Reached skill level 6 in Fighting
  4520 | D:5      | Reached XP level 8. HP: 66/70 MP: 7/7
  4587 | D:5      | Noticed Pikel
  4604 | D:5      | Killed Pikel
  4605 | D:5      | Reached skill level 11 in Ranged Weapons
  5017 | D:5      | Found a radiant altar of Vehumet.
  5026 | D:5      | Found a glowing silver altar of Zin.
  5194 | D:5      | 5194 ||| UPGRADING to +0 pair of boots.
  5199 | D:5      | 5199 ||| DROPPING amulet of magic regeneration.
  5200 | D:5      | 5200 ||| DROPPING ring of flight.
  5217 | D:6      | Noticed Menkaure
  5222 | D:6      | Killed Menkaure
  5294 | D:6      | Found a staircase to the Ecumenical Temple.
  5295 | D:6      | 5295 ||| PLANNING TEMPLE
  5295 | D:6      | 5295 ||| READING scroll labelled BYCOKKIHUKH.
  5312 | D:6      | Reached XP level 9. HP: 22/79 MP: 8/8
  5491 | Temple   | Entered the Ecumenical Temple
  5559 | Temple   | 5559 ||| PLANNING OKAWARU WORSHIP
  5646 | Temple   | Became a worshipper of Warmaster Okawaru
  5646 | Temple   | 5646 ||| PLANNING D:1-11
  5786 | D:6      | Noticed Edmund
  5792 | D:6      | Killed Edmund
  6009 | D:6      | Noticed Blork the orc
  6017 | D:6      | Killed Blork the orc
  6145 | D:6      | Reached * piety under Okawaru
  6146 | D:6      | Reached skill level 12 in Ranged Weapons
  6148 | D:6      | 6148 ||| INVOKING Heroism.
  6149 | D:6      | 6149 ||| INVOKING Heroism.
  6152 | D:6      | HP: 18/79 [yak (4)]
  6153 | D:6      | 6153 ||| READING scroll of teleportation.
  6155 | D:6      | HP: 6/79 [yak (10)]
  6157 | D:6      | Reached skill level 1 in Invocations
  6423 | D:6      | Found a snail-covered altar of Cheibriados.
  6425 | D:6      | 6425 ||| UPGRADING to +1 pair of boots of stealth.
  6435 | D:6      | 6435 ||| DROPPING +0 pair of boots.
  6436 | D:6      | 6436 ||| READING 4 scrolls of identify.
  6436 | D:6      | 6436 ||| IDENTIFYING inky potion
  6437 | D:6      | 6437 ||| DROPPING potion of enlightenment.
  6471 | D:7      | 6471 ||| PLANNING OSSUARY
  6501 | D:7      | 6501 ||| INVOKING Heroism.
  6515 | D:7      | Reached skill level 6 in Dodging
  6626 | D:7      | Reached skill level 3 in Invocations
  6663 | D:7      | 6663 ||| Stepping ~*~*~tactically~*~*~ (outnumbered).
  6815 | D:7      | 6815 ||| INVOKING Heroism.
  6875 | D:7      | Found a sand-covered staircase.
  6876 | D:7      | 6876 ||| READING scroll labelled OCHUOD YHEINGEPN.
  6877 | D:7      | 6877 ||| READING 3 scrolls of identify.
  6877 | D:7      | 6877 ||| IDENTIFYING fizzy black potion
  6885 | Ossuary  | Entered an ossuary
  6986 | Ossuary  | 6986 ||| FLEEEEING.
  6995 | Ossuary  | 6995 ||| INVOKING Heroism.
  7002 | Ossuary  | Reached XP level 10. HP: 62/88 MP: 8/11
  7223 | Ossuary  | 7223 ||| DRINKING 2 viscous clear potions.
  7245 | Ossuary  | 7245 ||| DRINKING 2 lumpy cyan potions.
  7350 | Ossuary  | 7350 ||| DROPPING potion of lignification.
  7351 | Ossuary  | 7351 ||| DROPPING potion of berserk rage.
  7365 | D:7      | 7365 ||| PLANNING D:1-11
  7409 | D:7      | Found a burning altar of Makhleb.
  7541 | D:7      | 7541 ||| INVOKING Heroism.
  7595 | D:7      | 7595 ||| Stepping ~*~*~tactically~*~*~ (outnumbered).
  7597 | D:7      | 7597 ||| Stepping ~*~*~tactically~*~*~ (outnumbered).
  7601 | D:7      | 7601 ||| Stepping ~*~*~tactically~*~*~ (outnumbered).
  7800 | D:7      | Found a bloodstained altar of Trog.
  7804 | D:7      | 7804 ||| DROPPING ring of magical power.
  7805 | D:7      | 7805 ||| READING 4 scrolls of identify.
  7805 | D:7      | 7805 ||| IDENTIFYING fuming white potion
  7844 | D:8      | Found a staircase to the Lair.
  7939 | D:8      | Noticed Maurice
  7951 | D:8      | Killed Maurice
  7952 | D:8      | Reached skill level 13 in Ranged Weapons
  8045 | D:8      | Reached ** piety under Okawaru
  8136 | D:8      | 8136 ||| INVOKING Heroism.
  8382 | D:8      | Reached skill level 9 in Fighting
  8511 | D:8      | 8511 ||| PLANNING LAIR
  8511 | D:8      | 8511 ||| UPGRADING to +0 cloak.
  8516 | D:8      | 8516 ||| UPGRADING to +0 steam dragon scales.
  8526 | D:8      | 8526 ||| DROPPING +0 leather armour.
  8527 | D:8      | 8527 ||| UPGRADING to amulet of faith.
  8532 | D:8      | 8532 ||| UPGRADING to +6 ring of dexterity.
  8564 | Lair:1   | Entered Level 1 of the Lair of Beasts
  8570 | Lair:1   | 8570 ||| INVOKING Heroism.
  8574 | Lair:1   | Reached skill level 3 in Armour
  8620 | Lair:1   | Noticed a black mamba
  8621 | Lair:1   | 8621 ||| INVOKING Heroism.
  8641 | Lair:1   | 8641 ||| INVOKING Heroism.
  8647 | Lair:1   | Killed a black mamba
  8712 | Lair:1   | Noticed a cane toad
  8713 | Lair:1   | 8713 ||| INVOKING Heroism.
  8716 | Lair:1   | Killed a cane toad
  8734 | Lair:1   | Noticed a cane toad
  8741 | Lair:1   | 8741 ||| INVOKING Heroism.
  8750 | Lair:1   | Killed a cane toad
  8750 | Lair:1   | Reached *** piety under Okawaru
  8765 | Lair:1   | Noticed Gastronok
  8766 | Lair:1   | Reached skill level 14 in Ranged Weapons
  8775 | Lair:1   | 8775 ||| INVOKING Heroism.
  8781 | Lair:1   | Reached XP level 11. HP: 46/97 MP: 10/13
  8794 | Lair:1   | Killed Gastronok
  8794 | Lair:1   | Reached **** piety under Okawaru
  8795 | Lair:1   | Reached skill level 9 in Dodging
  9162 | Lair:1   | 9162 ||| INVOKING Heroism.
  9538 | Lair:1   | 9538 ||| UPGRADING to +2 hat of intelligence.
  9543 | Lair:1   | 9543 ||| UPGRADING to +0 pair of gloves.
  9548 | Lair:1   | 9548 ||| READING scroll labelled VABYZUY FOUSANG.
  9727 | Lair:2   | Noticed a skyshark
  9742 | Lair:2   | 9742 ||| INVOKING Heroism.
  9746 | Lair:2   | HP: 4/97 [skyshark (24)]
  9747 | Lair:2   | 9747 ||| READING scroll of teleportation.
  9747 | Lair:2   | Slain by a skyshark

Levels and vault maps discovered:
D:1:      minmay_arrival_checkered_box, layout_loops_ring,
          corexii_hall_statues_s, glass_columns_b
D:2:      layout_basic
D:3:      cheibrodos_greedy_goblins, layout_basic,
          nicolae_qazlal_scattered_showers, ebering_ecumenical_altar_rust,
          serial_shops, nicolae_shop_tiny_glass,
          nicolae_shop_just_a_little_nook, nicolae_shop_tiny_waterfront, shop,
          nicolae_shop_bloodbath_and_beyond, chequers_big_river
D:4:      layout_gridville, lemuel_blue_sif_altar, cheibrodos_sewer_entry_bend,
          serial_shops, shop, palyth_stone_intersect, kennysheep_doodads
D:5:      layout_basic, pdpol_wu_jian_five_deadly_venoms, kennysheep_little_box,
          mainiacjoe_overflow_big_doors, minmay_increasing_density, uniq_pikel,
          uniq_crazy_yiuf_cottage
D:6:      layout_rooms, lemuel_coloured_pillars_altar,
          minmay_temple_entry_purple_smoke, serial_corexii_hall,
          corexii_hall_statues_x, corexii_hall_statues_i,
          chequers_hall_statues_y, uniq_blork_the_orc, uniq_edmund,
          uniq_menkaure
D:7:      layout_loops_cross, lemuel_round_altar, lightli_temple_of_fire,
          nicolae_ossuary_entry_ruins
D:8:      layout_gridville, dpeg_oklobed_lair, uniq_maurice
Temple:   hellmonk_temple_flake
Lair:1:   layout_regular_city, grunt_forest_small_clearing_treed,
          serial_bayou_shore_b, uniq_gastronok
Lair:2:   layout_regular_city, hellmonk_spider_entry_life_and_decay,
          hellmonk_guarded_unrand_vines

Skill      XL: |  1  2  3  4  5  6  7  8  9 10 11 |
---------------+----------------------------------+-----
Ranged Weapons | 5 6 7 8 9 11 12 14 | 14.0
Fighting       | 3 4 6 7 8 9 |  9.3
Dodging        | 3 5 6 8 9 |  9.5
Armour         | 1 2 4 |  4.9
Invocations    | 3 4 |  4.5
Stealth        | |  0.7

Action                     |  1- 3 |  4- 6 |  7- 9 | 10-12 || total
---------------------------+-------+-------+-------+-------++-------
   Fire: Shortbow          |   114 |    43 |       |       ||   157
         Orcbow            |       |   156 |   356 |   240 ||   752
 Invoke: Heroism           |       |       |     4 |    10 ||    14
    Use: Scroll            |     5 |    10 |     6 |     3 ||    24
         Potion            |       |     1 |       |     2 ||     3
 Armour: Leather armour    |     2 |    21 |    26 |    10 ||    59
         Steam dragon scal |       |       |       |    15 ||    15
  Dodge: Dodged            |    30 |    55 |   121 |   141 ||   347

Table legend:
 A = Non-vault XP
 B = Vault XP
 C = Vault XP percentage of total XP
 D = Non-vault monster count
 E = Vault monster count
 F = Vault count percentage of total count
                 A         B        C        D         E       F
            +---------+---------+-------+---------+---------+-------
      Total |   10222 |    3969 |  28.0 |     182 |      72 |  28.3
            +---------+---------+-------+---------+---------+-------
        D:1 |      44 |       0 |   0.0 |      25 |       0 |   0.0
        D:2 |     109 |       0 |   0.0 |      24 |       0 |   0.0
        D:3 |      93 |      22 |  19.1 |      20 |      11 |  35.5
        D:4 |     336 |       5 |   1.5 |      22 |       1 |   4.3
        D:5 |     628 |     996 |  61.3 |      16 |      10 |  38.5
        D:6 |    1698 |     402 |  19.1 |      15 |       3 |  16.7
        D:7 |     930 |       0 |   0.0 |      24 |       0 |   0.0
        D:8 |     886 |     493 |  35.8 |      12 |       1 |   7.7
     Lair:1 |    4580 |    1383 |  23.2 |      17 |       1 |   5.6
     Lair:2 |     918 |       0 |   0.0 |       7 |       0 |   0.0
      Sewer |       0 |     146 | 100.0 |       0 |       6 | 100.0
    Ossuary |       0 |     522 | 100.0 |       0 |      39 | 100.0
            +---------+---------+-------+---------+---------+-------
